Map: 2000 Atmospheres LE

Players

MCanning

  • Race: Protoss Protoss

Neeb - Winner!

  • Race: Protoss Protoss

VOD

Have the link to the VOD?

Description

Time

  • Played on: Oct. 8, 2021, 3:18 p.m.
  • Length: 18:06
Show
View Real Time Build Order
Export as new Build Order

MCanning Protoss 

Build Orders:  

Get SALT Encoding   

  12  0:00  Probe  
  13  0:12  Probe  
  14  0:18  Pylon  
  14  0:24  Probe  
  15  0:36  Gateway, Probe (Chrono Boost)  
  16  0:47  Assimilator, Probe (Chrono Boost)  
  17  0:52  Probe (Chrono Boost)  
  17  0:55  Assimilator  
  18  1:03  Probe (Chrono Boost)  
  19  1:07  Gateway  
  19  1:15  Probe (Chrono Boost)  
  20  1:20  Probe (Chrono Boost)  
  20  1:25  Cybernetics Core  
  21  1:29  Probe  
  22  1:36  Pylon  
  22  1:41  Probe  
  23  1:54  Probe  
  23  1:59  Warp Gate (Chrono Boost)  
  24  2:01  Adept  
  24  2:02  Adept  
  24  2:06  Probe  
  29  2:11  Pylon  
  29  2:21  Probe  
  30  2:23  Pylon  
  30  2:31  Adept  
  30  2:33  Adept  
  34  2:37  Probe  
  35  2:55  Nexus  
  35  3:03  Adept  
  37  3:05  Adept  
  39  3:13  Pylon  
  39  3:31  Probe (Chrono Boost)  
  41  3:43  Adept, Probe (Chrono Boost)  
  41  3:44  Adept  
  41  3:47  Robotics Facility  
  41  3:48  Probe (Chrono Boost)  
  46  3:56  Pylon  
  46  3:57  Probe  
  47  4:07  Stalker x2  
  47  4:09  Probe  
  49  4:14  Probe  
  46  4:21  Probe  
  47  4:27  Probe (Chrono Boost)  
  46  4:34  Twilight Council, Probe (Chrono Boost)  
  48  4:39  Probe (Chrono Boost)  
  48  4:41  Sentry  
  48  4:44  Probe (Chrono Boost)  
  51  4:46  Probe (Chrono Boost)  
  51  4:49  Probe (Chrono Boost)  
  51  4:50  Shield Battery  
  51  4:52  Observer  
  54  4:53  Probe  
  54  4:58  Pylon  
  54  4:59  Stalker  
  57  5:02  Probe  
  57  5:06  Probe (Chrono Boost)  
  57  5:15  Blink (Chrono Boost), Probe (Chrono Boost), Forge  
  59  5:23  Probe (Chrono Boost)  
  59  5:26  Probe (Chrono Boost)  
  60  5:29  Assimilator  
  60  5:32  Probe  
  59  5:36  Gateway  
  59  5:38  Stalker  
  59  5:43  Stalker  
  59  5:45  Probe  
  62  5:51  Pylon  
  62  5:52  Probe, Protoss Ground Weapons Level 1 (Chrono Boost)  
  63  6:02  Probe  
  64  6:11  Nexus  
  63  6:12  Probe  
  63  6:13  Pylon  
  63  6:14  Probe, Sentry  
  63  6:17  Observer  
  67  6:24  Probe  
  68  6:27  Immortal, Probe  
  73  6:36  Probe  
  73  6:39  Probe  
  75  6:44  Stalker  
  75  6:45  Stalker, Shield Battery  
  78  6:49  Stalker  
  78  6:51  Probe  
  78  6:52  Probe  
  82  6:57  Charge (Chrono Boost)  
  82  7:03  Probe  
  82  7:04  Probe  
  82  7:06  Gateway  
  82  7:09  Gateway  
  82  7:15  Probe  
  81  7:21  Probe  
  82  7:25  Probe  
  82  7:27  Probe  
  82  7:28  Zealot x2  
  88  7:32  Gateway  
  88  7:33  Observer, Probe  
  90  7:37  Gateway, Probe  
  92  7:45  Probe  
  92  7:46  Assimilator  
  92  7:50  Templar Archives  
  92  7:52  Probe  
  92  7:54  Probe  
  94  8:02  Protoss Ground Weapons Level 2 (Chrono Boost)  
  94  8:09  Zealot x4  
  100  8:15  Pylon  
  100  8:17  Pylon  
  100  8:18  Photon Cannon x2  
  98  8:24  Probe  
  99  8:28  Photon Cannon  
  99  8:30  High Templar x2  
  99  8:31  Pylon  
  103  8:35  Archon  
  101  8:43  Zealot x2  
  101  8:44  Zealot  
  101  8:46  Pylon  
  107  8:50  Gateway  
  107  8:53  Gateway  
  107  8:55  Observer  
  107  8:56  Gateway  
  107  9:00  Probe  
  107  9:02  Dark Shrine  
  108  9:03  Zealot x2  
  108  9:04  High Templar  
  108  9:05  High Templar  
  116  9:11  Archon  
  114  9:20  Probe  
  114  9:24  Nexus  
  113  9:25  Pylon  
  113  9:29  Shield Battery  
  113  9:31  Pylon  
  113  9:33  High Templar  
  113  9:34  High Templar  
  113  9:35  Zealot x3  
  113  9:37  Probe  
  113  9:38  Probe  
  125  9:40  Archon  
  121  9:47  Probe  
  121  9:50  Photon Cannon  
  121  9:51  Shield Battery  
  122  9:55  Zealot x5  
  122  9:58  Pylon  
  132  10:02  Zealot x2  
  132  10:05  Pylon  
  135  10:08  Probe  
  136  10:15  Dark Templar  
  136  10:16  Protoss Ground Weapons Level 3 (Chrono Boost)  
  136  10:18  Dark Templar  
  140  10:24  Zealot x3  
  142  10:29  Robotics Bay  
  142  10:32  Zealot x2  
  142  10:41  Zealot x3  
  132  10:53  Zealot x5  
  132  10:54  Zealot x2  
  136  11:02  Probe  
  129  11:04  Zealot x3  
  129  11:05  Robotics Facility  
  129  11:09  Probe  
  136  11:12  Probe x2  
  136  11:14  Probe  
  136  11:15  Dark Templar  
  141  11:24  Disruptor (Chrono Boost)  
  142  11:27  Probe  
  142  11:30  Zealot x5  
  142  11:31  Zealot x2  
  151  11:34  High Templar  
  151  11:35  High Templar  
  151  11:39  Archon, Observer, Probe  
  156  11:43  Photon Cannon  
  156  11:44  Photon Cannon  
  156  11:47  Photon Cannon x2  
  159  11:55  Assimilator, Disruptor (Chrono Boost)  
  162  12:02  Disruptor (Chrono Boost)  
  162  12:03  Zealot  
  162  12:04  Zealot x4  
  172  12:09  Disruptor (Chrono Boost)  
  173  12:18  Assimilator  
  173  12:22  Shadow Stride (Chrono Boost)  
  171  12:27  Nexus  
  165  12:30  Zealot x4, Pylon  
  165  12:33  Dark Templar  
  175  12:38  Dark Templar  
  169  12:46  Assimilator  
  169  12:52  Stalker x4  
  169  12:58  Protoss Shields Level 1 (Chrono Boost)  
  169  13:08  Disruptor  
  172  13:14  Photon Cannon  
  172  13:15  Photon Cannon  
  172  13:17  Photon Cannon  
  172  13:18  Shield Battery  
  172  13:21  Pylon  
  168  13:27  Zealot x4  
  168  13:28  Zealot x6  
  145  13:34  Disruptor  
  123  13:44  Disruptor (Chrono Boost)  
  104  13:51  Zealot x3  
  104  13:52  Zealot x2  
  103  14:02  Probe x2 (Chrono Boost)  
  107  14:03  Probe (Chrono Boost)  
  107  14:08  Probe (Chrono Boost)  
  107  14:10  Disruptor (Chrono Boost), Pylon  
  107  14:12  Dark Templar, Probe x3 (Chrono Boost)  
  107  14:16  Probe x2 (Chrono Boost)  
  117  14:22  Disruptor (Chrono Boost)  
  120  14:25  Dark Templar x2  
  120  14:28  Probe  
  120  14:30  Dark Templar  
  127  14:37  Disruptor (Chrono Boost)  
  130  14:47  Zealot x5  
  140  14:56  Stalker x2  
  140  14:58  Disruptor (Chrono Boost)  
  142  15:00  Zealot x2  
  149  15:13  Dark Templar  
  151  15:17  Zealot x4  
  151  15:18  Zealot  
  151  15:20  Disruptor (Chrono Boost)  
  160  15:29  Disruptor  
  160  15:33  Photon Cannon  
  160  15:34  Shield Battery  
  163  15:35  Shield Battery  
  163  15:48  Dark Templar  
  163  15:49  Dark Templar x2  
  169  15:53  Disruptor  
  150  16:01  Zealot x3  
  149  16:04  Disruptor  
  120  16:23  Zealot x2  
  120  16:24  Zealot x3  
  126  16:26  Probe  
  103  16:47  Probe  
  103  16:48  Disruptor  
  103  16:50  Zealot x5  
  108  16:56  Probe  
  108  16:59  Probe  
  110  17:15  Zealot x5  
  98  17:26  Disruptor  
Show
View Real Time Build Order
Export as new Build Order

Neeb Protoss - Winner!

Build Orders: Oracle Opening, Blink Stalkers 

Get SALT Encoding   

  12  0:00  Probe  
  13  0:12  Probe  
  14  0:17  Pylon  
  14  0:24  Probe (Chrono Boost)  
  15  0:37  Gateway, Probe (Chrono Boost)  
  16  0:45  Probe (Chrono Boost)  
  16  0:46  Assimilator  
  17  0:51  Probe  
  17  0:55  Assimilator  
  18  1:03  Probe (Chrono Boost)  
  19  1:08  Gateway  
  19  1:12  Probe (Chrono Boost)  
  19  1:17  Probe (Chrono Boost)  
  21  1:25  Cybernetics Core  
  21  1:30  Probe  
  22  1:36  Pylon  
  22  1:42  Probe  
  24  1:54  Probe  
  24  2:03  Stalker, Warp Gate  
  24  2:07  Stalker, Probe  
  29  2:16  Pylon  
  29  2:24  Stargate  
  29  2:46  Nexus  
  29  2:51  Probe  
  29  2:57  Shield Battery  
  30  3:03  Probe  
  31  3:05  Oracle (Chrono Boost)  
  34  3:16  Probe  
  35  3:20  Twilight Council  
  35  3:28  Probe  
  35  3:31  Pylon  
  36  3:40  Probe  
  37  3:52  Probe  
  37  3:54  Forge  
  38  3:57  Blink (Chrono Boost)  
  39  4:04  Probe  
  39  4:06  Stalker  
  41  4:10  Stalker  
  35  4:30  Probe  
  34  4:33  Pylon  
  33  4:42  Probe  
  33  4:43  Oracle (Chrono Boost)  
  33  4:44  Probe  
  38  4:54  Probe  
  38  4:56  Probe  
  40  5:06  Probe  
  41  5:08  Probe  
  41  5:18  Probe  
  41  5:20  Probe  
  43  5:27  Stalker x2  
  47  5:30  Probe  
  47  5:32  Probe  
  49  5:42  Probe  
  50  5:44  Probe  
  51  5:53  Nexus  
  51  5:54  Probe, Charge  
  51  5:56  Probe  
  53  5:59  Sentry  
  55  6:06  Probe  
  55  6:10  Probe  
  57  6:14  Gateway  
  57  6:15  Gateway  
  57  6:18  Probe  
  57  6:22  Probe  
  59  6:31  Probe  
  60  6:33  Stalker  
  60  6:34  Forge  
  62  6:41  Pylon  
  62  6:48  Pylon  
  62  6:50  Pylon  
  62  6:51  Pylon  
  62  6:54  Pylon  
  62  6:59  Probe x2  
  64  7:01  Gateway x2  
  64  7:05  Probe  
  65  7:11  Probe x2  
  65  7:14  Protoss Ground Weapons Level 1 (Chrono Boost)  
  65  7:15  Stalker x2  
  66  7:17  Probe  
  69  7:23  Probe  
  69  7:24  Robotics Facility  
  69  7:25  Probe  
  69  7:28  Sentry  
  69  7:29  Probe  
  74  7:31  Shield Battery  
  74  7:35  Stalker, Probe  
  77  7:37  Probe  
  77  7:41  Probe  
  79  7:45  Gateway  
  79  7:47  Probe  
  79  7:48  Gateway  
  79  7:49  Probe  
  81  8:00  Probe  
  81  8:01  Stalker x4  
  81  8:05  Probe  
  88  8:08  Stalker  
  88  8:09  Probe  
  90  8:12  Probe  
  90  8:17  Probe  
  90  8:18  Assimilator  
  90  8:19  Assimilator  
  91  8:21  Probe  
  91  8:24  Immortal  
  91  8:25  Probe  
  97  8:29  Probe  
  97  8:32  Pylon  
  98  8:37  Probe  
  98  8:38  Zealot x2  
  98  8:39  Zealot x2  
  108  8:45  Assimilator  
  108  8:47  Assimilator  
  107  8:52  Zealot x3  
  107  8:53  Templar Archives  
  113  9:01  Probe  
  114  9:03  Immortal  
  114  9:04  Pylon  
  118  9:15  Zealot x3  
  124  9:18  Protoss Ground Weapons Level 2 (Chrono Boost)  
  124  9:19  Pylon  
  124  9:23  Pylon  
  124  9:28  Robotics Bay  
  124  9:30  Probe  
  125  9:32  Robotics Facility  
  125  9:36  Zealot x3  
  125  9:38  Probe  
  132  9:42  Photon Cannon  
  132  9:46  Photon Cannon  
  132  9:49  Zealot x2  
  136  9:54  Zealot, High Templar x2  
  136  9:58  Archon  
  136  9:59  Zealot  
  144  10:00  Zealot  
  146  10:08  Zealot  
  148  10:20  Pylon  
  148  10:21  Pylon  
  148  10:22  Pylon  
  148  10:24  Nexus  
  148  10:27  Pylon  
  148  10:34  Disruptor  
  145  10:45  Zealot  
  145  10:46  Zealot x7  
  159  10:53  Disruptor (Chrono Boost)  
  159  10:58  Probe  
  159  10:59  Probe  
  161  11:08  Probe  
  161  11:10  Photon Cannon, Disruptor (Chrono Boost)  
  162  11:11  Shield Battery  
  162  11:15  Probe  
  166  11:19  Probe  
  166  11:20  Photon Cannon  
  166  11:23  Disruptor (Chrono Boost)  
  168  11:30  High Templar x5  
  168  11:32  Probe  
  179  11:34  High Templar  
  179  11:36  Archon x2  
  179  11:38  Photon Cannon  
  181  11:41  Pylon  
  181  11:42  Disruptor, Pylon  
  181  11:46  Archon  
  184  11:55  Gateway  
  184  11:56  Zealot x2  
  184  11:57  Gateway  
  184  12:00  Dark Shrine  
  188  12:04  Zealot x4  
  194  12:09  Protoss Ground Weapons Level 3 (Chrono Boost)  
  194  12:15  Disruptor (Chrono Boost)  
  190  12:18  Zealot x4  
  193  12:27  Gravitic Boosters  
  193  12:28  Observer (Chrono Boost)  
  194  12:38  Assimilator x2  
  194  12:39  Disruptor (Chrono Boost)  
  194  12:40  Photon Cannon  
  194  12:43  Photon Cannon  
  197  12:46  Observer (Chrono Boost)  
  196  13:00  Disruptor (Chrono Boost)  
  199  13:15  Nexus  
  172  13:30  Disruptor (Chrono Boost)  
  172  13:32  Disruptor (Chrono Boost)  
  168  13:38  Probe x2  
  120  13:53  Probe  
  113  13:58  Stalker x6  
  113  13:59  Stalker  
  113  14:01  Probe  
  113  14:02  Probe  
  116  14:06  Stalker  
  116  14:07  Stalker x2  
  116  14:08  Disruptor x2 (Chrono Boost)  
  128  14:11  Shadow Stride  
  128  14:24  Stalker x6, Nexus  
  140  14:36  Stalker x4, Disruptor (Chrono Boost)  
  153  14:46  Observer (Chrono Boost)  
  153  14:48  Probe  
  153  14:49  Probe x2  
  154  14:56  Dark Templar  
  154  14:57  Dark Templar x3  
  162  15:06  Dark Templar x2  
  166  15:20  Observer (Chrono Boost)  
  166  15:21  Observer (Chrono Boost)  
  168  15:22  Zealot x2, Dark Templar  
  168  15:23  Zealot  
  176  15:30  Protoss Shields Level 1 (Chrono Boost)  
  176  15:42  Zealot x6  
  188  15:46  Nexus  
  177  16:03  Disruptor x2  
  175  16:05  Dark Templar x3  
  175  16:06  Zealot x4  
  183  16:20  Probe x2  
  173  16:36  Nexus  
  173  16:38  Disruptor x2  
  154  17:08  Dark Templar x3  
  154  17:09  Zealot x7  
  154  17:11  Nexus  
  154  17:14  Disruptor x2  
Tags
 
Add a new tag
Caveats
  • Supply blocks, unpowered buildings, or Contaminate may cause inaccurate times.
  • Supply counts are checked every 10 seconds.